 Dungeon Crawl Stone Soup version 0.28-a0-245-g639a1a48b9 (webtiles) character file.

Game seed: 11259830005523518759

1741 thedisplayname the Martial Artist (level 8, -2/55 (59) HPs)
             Began as a Pale Draconian Transmuter on Aug 23, 2021.
             Was an Initiate of Makhleb.
             Slain by a sky beast (5 damage)
             ... on level 7 of the Dungeon on Aug 24, 2021.
             The game lasted 00:17:51 (9701 turns).

thedisplayname the Martial Artist (DrTm)            Turns: 9701, Time: 00:17:53

HP:   -2/55 (59)    AC:  6    Str: 10    XL:     8   Next: 77%
MP:   9/11          EV: 19    Int: 14    God:    Makhleb [......]
Gold: 423           SH:  0    Dex: 19    Spells: 5/11 levels left

rFire   . . .      SeeInvis .     - Unarmed
rCold   . . .      Faith    .   (shield currently unavailable)
rNeg    . . .      Spirit   .   (armour unavailable)
rPois   x          Reflect  .   (helmet currently unavailable)
rElec   .          Harm     .   (cloak currently unavailable)
rCorr   .          Rampage  .   (gloves currently unavailable)
Will    .....      Clarity  +   (boots currently unavailable)
Stlth   ++........              (no amulet)
HPRegen 0.18/turn               g - +4 ring of slaying
MPRegen 0.12/turn               a - +4 ring of protection

@: spider-form (expiring), drained
A: venomous fangs, (breathe steam), AC +6, tiny, unfitting armour,
(cold-blooded), (steam resistance), (horns 1), clarity, weak 1
a: End Transformation, Renounce Religion


You were on level 7 of the Dungeon.
You worshipped Makhleb.
Makhleb was noncommittal.
You were a venomous arachnid creature.
You visited 2 branches of the dungeon, and saw 9 of its levels.

You collected 423 gold pieces.

Inventory:

Missiles
 e - a throwing net
Armour
 c - a +0 pair of gloves (melded)
Jewellery
 a - a +4 ring of protection (right front leg)
 d - an amulet of magic regeneration
 g - a +4 ring of slaying (left front leg)
 o - a ring of positive energy
Scrolls
 f - 3 scrolls of teleportation
 m - 2 scrolls of amnesia
 n - a scroll of blinking
 p - a scroll of magic mapping
Potions
 b - 2 potions of degeneration
 i - 2 potions of might
 l - a potion of attraction


   Skills:
 - Level 1.1 Fighting
 - Level 1.7 Dodging
 + Level 8.6 Unarmed Combat
 - Level 2.0 Spellcasting
 + Level 8.2 Transmutations


You had 5 spell levels left.
You knew the following spells:

 Your Spells              Type           Power      Damage    Failure   Level
a - Beastly Appendage     Tmut           48%        N/A       4%          1
b - Wereblood             Tmut           24%        N/A       6%          2
c - Spider Form           Tmut/Pois      6%         N/A       30%         3

Your spell library contained the following spells:

 Spells                   Type           Power      Damage    Failure   Level
 Corona                   Hex            1%         N/A       45%         1
 Ensorcelled Hibernation  Hex/Ice        2%         N/A       56%         2
 Ice Form                 Ice/Tmut       12%        N/A       63%         4
 Tukima's Dance           Hex            1%         N/A       77%         3


Dungeon Overview and Level Annotations

Branches:
Dungeon (8/15)             Temple (1/1) D:4
   Lair: D:8-11

Altars:
Cheibriados
Dithmenos
Elyvilon
Gozag
Hepliaklqana
Kikubaaqudgha
Makhleb
Nemelex Xobeh
Okawaru
Qazlal
Ru
Sif Muna
Trog
Vehumet
Wu Jian
Xom
Yredelemnul
Zin
The Shining One

Shops:
D:3 (   D:6 (


Innate Abilities, Weirdness & Mutations

You are a venomous arachnid creature.
You have poisonous fangs.
You are tiny and dextrous.
Your spellcasting is less reliable in this form.
Your armour is entirely melded.
You are incapable of wielding weapons or throwing items.
((You can breathe blasts of scalding, opaque steam.))
((Your pale cyan-grey scales are hard. (AC +6)))
You cannot fit into any form of body armour.
((You are cold-blooded and may be slowed by cold attacks.))
((You are immune to the effects of steam.))
((You have a pair of small horns on your head.))
You possess an exceptional clarity of mind.
You are weak. (Str -2)


Message History

The wight is moderately damaged.
You hit the wight.
The wight is lightly damaged.
The sky beast hits you. The sky beast shocks you. The wight closely misses you.
You bite the wight!
The wight is severely damaged.
The wight hits you with a +0 long sword!
You feel drained.
The sky beast flickers out of sight!
Deactivating autopickup; reactivate with Ctrl-A.
Something barely misses you.
The wight hits you from afar with a +2 trident.
Unknown command.
You hit the wight.
You destroy the wight!
Makhleb accepts your kill. Something hits you. Something shocks you.
The wight hits you with a +2 flail.
You feel drained. The wight closely misses you.
You hit the wight but do no damage.
The wight is moderately damaged.
You hit the wight but do no damage.
The wight is moderately damaged.
Something hits you. Something shocks you.
* * * LOW HITPOINT WARNING * * *
The wight misses you.
The wight hits you from afar with a +2 trident!
* * * LOW HITPOINT WARNING * * *
You feel drained.
* * * LOW HITPOINT WARNING * * *
Something hits you but does no damage. The wight misses you. x2
You climb upwards.
Reactivating autopickup.
There is a stone staircase leading down here.
You bite the wight!
You destroy the wight!
Makhleb accepts your kill.
Your transformation is almost over.
Something hits you.
* * * LOW HITPOINT WARNING * * *
Something shocks you.
You die...

############ ...........#
.#..######.#
.#.........##########
.#..............).[.#############
..[.............s.#......).......
.#..#####..####......###..#######
##.....[...##..........#..#
.....##.##.##.#..#...).#..#
##...##.##.##.#..#........#
........##.##.#..<........#
####.#...........#........#
..............#..#........#
....##.######.#..#........#


There were no monsters in sight!

Vanquished Creatures
  Sigmund (D:6)
  A steam dragon (D:6)
  2 sky beasts
  An ogre (D:4)
  2 centaurs
  A phantom (D:6)
  A bullfrog (D:7)
  2 scorpions
  3 wights
  4 electric eels (D:7)
  A howler monkey (D:5)
  5 hounds
  An orc priest (D:5)
  4 jellies
  An orc wizard (D:4)
  A howler monkey zombie (D:3)
  6 gnolls
  3 adders
  A white imp (D:5)
  2 adder skeletons
  A worm (D:2)
  2 dart slugs
  9 orcs
  4 ball pythons
  3 endoplasms
  2 giant cockroaches (D:1)
  4 goblins
  4 hobgoblins
  6 kobolds
  5 quokkas
  4 bats
  3 frilled lizards
  A rat (D:1)
91 creatures vanquished.

Notes
Turn   | Place    | Note
-------+----------+-------------------------------------------
     0 | D:1      | thedisplayname the Draconian Transmuter began the quest for
                  | the Orb.
     0 | D:1      | Reached XP level 1. HP: 16/16 MP: 3/3
   804 | D:1      | Found a faded altar of an unknown god.
  1168 | D:1      | Reached XP level 2. HP: 22/23 MP: 5/5
  2107 | D:1      | Learned a level 2 spell: Wereblood
  2107 | D:1      | Gained mutation: You are weak. (Str -2) [potion of
                  | mutation]
  2107 | D:1      | Gained mutation: You have a pair of small horns on your
                  | head. [potion of mutation]
  2772 | D:2      | Reached XP level 3. HP: 23/28 MP: 3/6
  2970 | D:2      | Found a glowing silver altar of Zin.
  3590 | D:3      | Found Juosas's Antique Weapon Boutique.
  3879 | D:3      | Reached XP level 4. HP: 25/35 MP: 3/7
  4437 | D:4      | Found a sacrificial altar of Ru.
  4450 | D:4      | Reached XP level 5. HP: 36/40 MP: 8/8
  4590 | D:4      | Found a stormy altar of Qazlal.
  4599 | D:4      | Found a bloodstained altar of Trog.
  4627 | D:4      | Noticed an ogre
  4650 | D:4      | Killed an ogre
  4651 | D:4      | Reached skill level 5 in Unarmed Combat
  4660 | D:4      | Reached XP level 6. HP: 47/47 MP: 6/9
  4750 | D:4      | Found a staircase to the Ecumenical Temple.
  4765 | Temple   | Entered the Ecumenical Temple
  4838 | Temple   | Became a worshipper of Makhleb the Destroyer
  4967 | D:4      | Identified the +7 plate armour "Wepi" {-Tele rElec rC+
                  | Regen+}
  5100 | D:4      | Found a shimmering altar of Xom.
  5137 | D:5      | Entered Level 5 of the Dungeon
  5162 | D:5      | Found an ornate altar of the Wu Jian Council.
  5174 | D:5      | Reached skill level 5 in Transmutations
  6254 | D:5      | Your scales start taking on a pale cyan-grey colour.
  6254 | D:5      | Reached XP level 7. HP: 50/52 MP: 10/10
  6254 | D:5      | Gained mutation: You are immune to the effects of steam.
                  | [Pale Draconian growth]
  6263 | D:5      | Lost mutation: You are weak. (Str -2) [potion of mutation]
  6263 | D:5      | Gained mutation: You are weak. (Str -2) [potion of
                  | mutation]
  6263 | D:5      | Gained mutation: You possess an exceptional clarity of
                  | mind. [potion of mutation]
  6370 | D:6      | Noticed a steam dragon
  6394 | D:6      | Killed a steam dragon
  6725 | D:6      | Found Budon's Antique Weapon Shop.
  6777 | D:6      | Noticed Sigmund
  6795 | D:6      | Killed Sigmund
  6796 | D:6      | Reached XP level 8. HP: 54/59 MP: 8/11
  7113 | D:6      | Found a shadowy altar of Dithmenos.
  7695 | D:7      | Found a basalt altar of Yredelemnul.
  8458 | D:7      | Upgraded the game from 0.28-a0-239-g68911e0c57 to
                  | 0.28-a0-245-g639a1a48b9
  9412 | D:7      | Learned a level 3 spell: Spider Form
  9701 | D:7      | Slain by a sky beast

Illustrated notes

Levels and vault maps discovered:
D:1:      psy_arrival_whirlpool, layout_basic, ebering_ecumenical_altar_rust
D:2:      layout_basic, basic_altar
D:3:      layout_loops_ring, serial_shops, nicolae_shop_window_shopping
D:4:      layout_rooms, mainiacjoe_overflow_catwalk, nicolae_ru_awakened_eye,
          amethyst_overflow_temple_binary, minmay_temple_entry_crystal_x
D:5:      layout_loops_cross, nicolae_wu_jian_wuxing_cycle
D:6:      layout_cave_pools, lemuel_coloured_pillars_altar, serial_shops,
          shop_fountains, st_stairs_13, uniq_sigmund
D:7:      layout_basic, mainiacjoe_overflow_alcove_4, kennysheep_boxes
D:8:      layout_cave_pools, ashenzari_altar_1
Temple:   nicolae_temple_hex_pool

Skill      XL: |  1  2  3  4  5  6  7  8 |
---------------+-------------------------+-----
Transmutations | 3 4 5 7 8 |  8.2
Unarmed Combat | 4 5 6 7 8 |  8.6
Fighting       | |  1.1
Dodging        | |  1.7
Spellcasting   | |  2.0

Action                   |  1- 3 |  4- 6 |  7- 9 || total
-------------------------+-------+-------+-------++-------
Melee: Unarmed           |   129 |    91 |   109 ||   329
       Headbutt          |    14 |    12 |    13 ||    39
       Tailslap          |     5 |     9 |    13 ||    27
       Kick              |     2 |     3 |     6 ||    11
       Punch             |     2 |       |     2 ||     4
 Cast: Beastly Appendage |     2 |     1 |     1 ||     4
       Wereblood         |     1 |     1 |     1 ||     3
       Spider Form       |       |       |     2 ||     2
 Abil: Breathe Steam     |       |       |     1 ||     1
Evoke: Wand              |       |       |     6 ||     6
  Use: Potion            |     1 |       |     5 ||     6
       Scroll            |       |     5 |     7 ||    12
 Stab: Sleeping          |     1 |       |       ||     1
       Paralysed         |       |       |     5 ||     5
Armor: Skin              |    32 |    43 |    58 ||   133
Dodge: Dodged            |    77 |    49 |    69 ||   195

Table legend: (Time is in decaauts)
 A = Elapsed time spent in this place.
 B = Non-inter-level travel time spent in this place.
 C = Inter-level travel time spent in this place.
 D = Time resting spent in this place.
 E = Time spent auto-exploring this place.
 F = Levels seen in this place.
 G = Mean time per level.
                   A        B        C        D        E       F      G
               +--------+--------+--------+--------+--------+-----+--------+
         Total |   9682 |   9475 |    207 |   3486 |   4751 |   9 | 1075.8 |
       Dungeon |   9591 |   9384 |    207 |   3486 |   4751 |   8 | 1198.9 |
        Temple |     90 |     90 |      0 |      0 |      0 |   1 |   90.0 |
               +--------+--------+--------+--------+--------+-----+--------+

Top non-repeatable levels by time:
     D:1: 2106 daAuts
     D:7: 2045 daAuts
     D:6: 1278 daAuts
     D:3: 1224 daAuts
     D:5: 1220 daAuts
     D:2: 1003 daAuts
     D:4: 701 daAuts
  Temple: 90 daAuts
     D:8: 10 daAuts
